AoeStats
← den svarte mannen

Arabia

509445426Analyzed
3v3 RM · 6d ago on Sep 26, 2026· 22m 9s· 6 players
Game mode
Random Map
Map size
Normal (6 player)
Population
200
Speed
Normal
Resources
Standard
Victory
Conquest
Starting age
Dark Age
Ending age
Imperial Age
RankedLock teamsTeams togetherTeam positionsShared explorationLock speedFull tech treeHidden civsTurbo modeCheats
Victory
Defeat
🇻🇪 Vietnamese · Venezuela
1641
+6
🇺🇸 Slavs · United States
1443
+12
🇨🇴 Britons · Colombia
1178
+22
🇸🇪 Italians · Sweden
1379
-15
🇸🇪 Japanese · Sweden
1364
-13
🇸🇪 Franks · Sweden
1320
-12
johg0001
7:36 Loom
11:29 Feudal Age
19:09 Double-Bit Axe
20:24 Town Watch
22:11 Horse Collar
den svarte mannen
5:28 Loom
6:50 Loom
9:56 Feudal Age
10:58 Double-Bit Axe
15:13 Forging
18:44 Scale Barding Armor
23:25 Castle Age
Den gröne mannen
5:56 Loom
9:21 Feudal Age
10:53 Fletching
14:16 Double-Bit Axe
21:50 Castle Age
22:00 Gold Mining
22:16 Horse Collar
22:04 Crossbowman
ToTi
6:30 Loom
9:18 Feudal Age
9:56 Double-Bit Axe
13:52 Scale Barding Armor
17:28 Wheelbarrow
22:16 Castle Age
20:47 Horse Collar
21:35 Bloodlines
21:31 Gold Mining
22:10 Forging
tat0
3:01 Loom
9:52 Feudal Age
10:32 Double-Bit Axe
13:26 Fletching
17:17 Horse Collar
burneR
6:47 Loom
9:13 Feudal Age
9:22 Man-at-Arms
10:10 Double-Bit Axe
16:49 Padded Archer Armor
18:56 Fletching
24:08 Castle Age
22:04 Horse Collar
Connection lost

Rejoining the realm…

Still unreachable

The connection could not be restored.

Session expired

The server has moved on; the page needs a fresh start.